Map: Frozen Temple

Players

Mix

  • Race: Zerg Zerg
  • League: Grandmaster

Miszu - Winner!

  • Race: Terran Terran
  • League: Master

VOD

Have the link to the VOD?

Description

Time

  • Played on: April 29, 2016, 12:49 p.m.
  • Length: 21:31
Show
View Real Time Build Order
Export as new Build Order

Mix Zerg 

Build Orders: Hatch First, Muta Ling Bane 

Get SALT Encoding   

  12  0:00  Drone  
  13  0:12  Overlord  
  13  0:18  Drone  
  14  0:31  Drone x2  
  14  0:34  Drone  
  17  0:52  Hatchery  
  17  0:55  Drone  
  17  0:58  Drone  
  18  1:10  Extractor  
  17  1:14  Spawning Pool  
  17  1:16  Drone  
  17  1:19  Drone  
  18  1:28  Drone  
  19  1:39  Overlord  
  19  2:02  Zergling x4  
  19  2:04  Queen x2  
  25  2:12  Metabolic Boost  
  25  2:22  Zergling x4  
  27  2:24  Drone  
  27  2:25  Drone  
  29  2:31  Drone  
  29  2:36  Spore Crawler  
  29  2:38  Drone  
  29  2:41  Drone, Spore Crawler  
  30  2:46  Drone  
  30  2:49  Drone  
  34  2:53  Pneumatized Carapace  
  34  2:56  Queen  
  36  3:02  Overlord  
  36  3:17  Hatchery  
  35  3:20  Drone  
  35  3:21  Drone  
  35  3:26  Drone x2  
  39  3:30  Drone  
  39  3:31  Drone  
  41  3:35  Drone  
  41  3:38  Drone  
  41  3:40  Overlord  
  43  3:45  Drone  
  44  3:58  Lair  
  44  3:59  Drone x3  
  44  4:01  Baneling Nest  
  46  4:06  Drone  
  46  4:07  Drone x3  
  50  4:10  Extractor  
  50  4:11  Extractor  
  50  4:12  Extractor  
  50  4:13  Overlord  
  50  4:16  Drone  
  48  4:18  Drone  
  48  4:20  Drone  
  48  4:23  Drone x2  
  52  4:29  Drone x3  
  54  4:43  Queen  
  54  4:44  Queen  
  58  4:50  Drone x2  
  60  4:57  Evolution Chamber  
  60  4:59  Evolution Chamber  
  58  5:00  Overlord x2  
  58  5:03  Drone  
  58  5:05  Spire  
  58  5:08  Drone x2  
  58  5:10  Drone  
  58  5:13  Drone x2  
  63  5:20  Drone x3  
  66  5:23  Zerg Melee Weapons Level 1  
  66  5:26  Zerg Ground Armor Level 1  
  66  5:30  Centrifical Hooks  
  66  5:32  Drone  
  66  5:38  Drone x4  
  70  5:45  Drone x4  
  70  5:46  Drone  
  75  5:55  Drone x6  
  81  6:00  Extractor, Drone  
  81  6:02  Extractor, Drone  
  81  6:03  Overlord x2  
  81  6:11  Hatchery  
  81  6:17  Zerg Flyer Weapons Level 1  
  80  6:19  Overlord  
  80  6:22  Zergling x2  
  80  6:23  Zergling x12  
  87  6:33  Baneling x3  
  87  6:34  Baneling x2, Hatchery  
  86  6:44  Baneling x2  
  86  6:45  Zergling x20  
  96  6:52  Zergling x2  
  94  7:03  Zergling x2  
  94  7:04  Zergling x18  
  94  7:05  Baneling x2  
  98  7:20  Hatchery  
  98  7:21  Drone x2  
  96  7:27  Overseer x2  
  96  7:29  Zerg Ground Armor Level 2, Zerg Melee Weapons Level 2  
  95  7:31  Mutalisk  
  97  7:39  Overlord  
  97  7:49  Mutalisk  
  97  7:50  Mutalisk x2  
  103  7:51  Overlord  
  103  7:55  Overlord  
  103  8:01  Baneling x3  
  103  8:02  Baneling x5  
  103  8:03  Queen, Baneling x3  
  103  8:05  Mutalisk x5  
  103  8:07  Baneling x2  
  103  8:08  Zergling x2, Baneling  
  103  8:10  Baneling x2  
  103  8:11  Zergling x2  
  113  8:13  Zergling x8  
  113  8:14  Zergling x12  
  113  8:17  Mutalisk x2  
  127  8:23  Overlord x2  
  127  8:26  Baneling  
  127  8:29  Overlord  
  127  8:34  Mutalisk x2  
  127  8:35  Mutalisk  
  127  8:37  Baneling  
  133  8:44  Mutalisk x2  
  133  8:47  Zergling x18  
  144  8:49  Baneling x3  
  144  8:50  Baneling  
  124  9:03  Zergling x2  
  124  9:04  Zergling x20  
  124  9:06  Baneling x3  
  133  9:15  Zergling x16  
  141  9:19  Overseer  
  141  9:20  Baneling x4  
  141  9:21  Baneling x3  
  141  9:30  Baneling  
  141  9:31  Zergling x8, Baneling x6  
  131  9:32  Zergling x2  
  127  9:42  Zergling x2  
  127  9:43  Zergling x16  
  112  9:58  Mutalisk  
  112  9:59  Mutalisk x6  
  124  10:02  Zergling x2  
  124  10:06  Overlord x3  
  123  10:15  Overseer x2  
  123  10:16  Baneling  
  123  10:17  Baneling x3  
  123  10:18  Baneling x5  
  123  10:20  Mutalisk  
  125  10:25  Zergling x12  
  125  10:26  Zergling x8  
  135  10:32  Zergling x2  
  135  10:34  Baneling x3  
  133  10:45  Hatchery  
  133  10:48  Zergling x18  
  133  10:49  Zergling x8  
  130  11:03  Zergling x18  
  123  11:06  Baneling  
  123  11:07  Baneling x8  
  123  11:15  Hatchery  
  122  11:23  Mutalisk  
  122  11:24  Mutalisk x2  
  128  11:27  Baneling x4  
  128  11:29  Mutalisk  
  130  11:36  Mutalisk x2  
  134  11:40  Baneling x4  
  134  11:41  Baneling x2  
  134  11:43  Zergling x4  
  136  11:58  Zergling x2  
  136  11:59  Zergling x10  
  136  12:01  Baneling x10  
  142  12:14  Zergling x10  
  122  12:26  Zergling x18  
  122  12:27  Zergling x16  
  122  12:28  Baneling x3  
  122  12:29  Baneling  
  131  12:37  Zergling x14  
  132  12:42  Baneling  
  132  12:43  Zergling x2  
  132  12:44  Zergling x10  
  144  12:50  Baneling x7  
  112  13:06  Mutalisk x8  
  112  13:08  Baneling  
  112  13:09  Zergling x2, Baneling  
  112  13:10  Zergling x2  
  129  13:18  Zergling x14  
  122  13:22  Zergling x6  
  111  13:31  Mutalisk x4  
  118  13:34  Baneling x2  
  118  13:35  Baneling x2  
  118  13:36  Zergling x2  
  118  13:37  Zergling x4  
  118  13:41  Zergling x6  
  124  13:46  Zergling x2  
  124  13:47  Zergling x8  
  129  13:51  Overseer  
  123  14:01  Drone x4  
  127  14:09  Zergling x2  
  117  14:10  Zergling x18  
  125  14:17  Overseer  
  125  14:18  Overseer  
  125  14:21  Drone x4, Mutalisk x2  
  131  14:25  Baneling x5  
  127  14:36  Mutalisk x3  
  127  14:37  Baneling  
  127  14:38  Baneling x6  
  128  14:45  Zergling x14  
  135  14:47  Baneling x4  
  135  14:52  Zergling x8  
  139  14:59  Queen  
  139  15:02  Zergling x10  
  139  15:04  Baneling x2  
  137  15:08  Zergling x6  
  137  15:09  Zergling x4  
  133  15:15  Overlord x2  
  133  15:16  Overlord  
  133  15:21  Baneling x2  
  132  15:35  Zergling x2  
  132  15:36  Zergling x18  
  132  15:40  Zergling x6  
  144  15:44  Overlord  
  144  15:49  Hatchery  
  136  16:03  Baneling x8  
  136  16:04  Baneling  
  130  16:09  Mutalisk  
  130  16:10  Mutalisk x6  
  142  16:18  Zergling x2  
  142  16:19  Zergling x10  
  148  16:25  Baneling  
  148  16:26  Baneling x6  
  148  16:41  Zergling x4  
  150  16:50  Baneling x6  
  150  16:51  Baneling x5  
  138  17:02  Zergling x14  
  138  17:03  Baneling x3  
  138  17:04  Baneling x12  
  138  17:06  Zergling x2  
  146  17:10  Zergling x4  
  146  17:21  Zergling x2  
  146  17:22  Zergling x10  
  140  17:23  Zergling x2  
  135  17:31  Zergling x8  
  135  17:32  Baneling x2  
  135  17:33  Baneling  
  139  17:39  Zergling x6  
  138  17:44  Baneling  
  138  17:45  Baneling x4  
  135  18:02  Zergling x16  
  135  18:16  Zergling x2, Baneling x7  
  135  18:17  Zergling x2  
  137  18:29  Hatchery  
  137  18:34  Baneling x4  
  134  18:41  Zergling x6  
  123  18:44  Zergling x2  
  122  18:50  Zergling x2  
  116  19:04  Baneling x3  
  116  19:16  Zergling x6  
  96  19:18  Zergling x2  
  96  19:22  Zergling x4  
  81  19:26  Zergling x2  
  81  19:34  Zergling x2  
  82  19:41  Extractor  
  82  19:42  Extractor  
  82  19:45  Zergling x6  
  83  19:52  Zergling x6  
  86  19:56  Zergling x2  
  87  20:03  Zergling x6  
  90  20:13  Baneling  
  89  20:14  Baneling  
  89  20:26  Hatchery  
  88  20:31  Zergling x8  
  88  20:33  Baneling  
  88  20:34  Baneling  
  88  20:35  Baneling  
  92  20:36  Baneling  
  92  20:40  Zergling x2  
  91  20:43  Zergling x2  
  79  20:50  Zergling x2  
  77  21:06  Baneling  
  77  21:07  Baneling  
  77  21:10  Hatchery  
Show
View Real Time Build Order
Export as new Build Order

Miszu Terran - Winner!

Build Orders: Reaper Expand, MMM Bio 

Get SALT Encoding   

  12  0:00  SCV  
  13  0:12  SCV  
  14  0:17  Supply Depot  
  14  0:25  SCV  
  15  0:39  SCV  
  15  0:40  Barracks  
  16  0:45  Refinery  
  16  0:51  SCV  
  17  1:03  SCV  
  18  1:15  SCV  
  19  1:28  Orbital Command  
  19  1:29  Reaper  
  20  1:44  Command Center  
  20  1:53  SCV  
  21  1:54  Supply Depot  
  21  2:00  Marine  
  22  2:05  SCV  
  23  2:17  Factory  
  23  2:18  SCV  
  23  2:21  Barracks Reactor  
  24  2:30  SCV  
  25  2:42  SCV  
  25  2:52  Command Center  
  25  2:54  SCV  
  25  2:56  Orbital Command  
  26  3:05  Barracks  
  26  3:06  SCV  
  27  3:15  Hellion  
  27  3:17  Hellion, Barracks Tech Lab  
  31  3:20  SCV  
  31  3:25  SCV  
  33  3:32  SCV  
  34  3:35  Refinery  
  34  3:36  Stimpack  
  34  3:40  SCV  
  35  3:44  SCV  
  35  3:48  Marine, Factory Reactor  
  36  3:52  SCV  
  38  3:56  Barracks, SCV  
  38  3:58  Marine  
  38  3:59  Marine  
  41  4:04  SCV  
  41  4:06  Marine  
  41  4:07  Orbital Command  
  41  4:09  SCV  
  44  4:16  SCV  
  45  4:17  Engineering Bay  
  45  4:18  Engineering Bay  
  45  4:21  SCV  
  46  4:24  Marine x2  
  46  4:28  SCV  
  49  4:31  Factory Reactor  
  49  4:32  Supply Depot  
  49  4:33  SCV x2  
  49  4:35  Marine  
  52  4:40  SCV  
  52  4:42  Marine  
  52  4:45  SCV x2  
  56  4:47  Refinery  
  56  4:48  Refinery  
  56  4:52  SCV  
  57  4:53  Terran Infantry Weapons Level 1, Terran Infantry Armor Level 1  
  57  4:58  Starport  
  57  4:59  Orbital Command  
  57  5:00  SCV  
  57  5:04  SCV  
  59  5:11  Marine x2, Barracks  
  59  5:12  Marine, SCV  
  59  5:13  Marine, Barracks  
  59  5:14  Marine  
  65  5:16  SCV  
  65  5:18  Factory Reactor  
  66  5:23  Supply Depot  
  66  5:25  Supply Depot  
  66  5:27  SCV  
  67  5:29  Marine x2  
  67  5:35  Marine  
  67  5:37  Combat Shields  
  67  5:39  Marine x2  
  67  5:42  SCV  
  69  5:45  SCV x2  
  69  5:46  Supply Depot  
  69  5:47  Marine  
  72  5:54  Medivac x2, SCV  
  72  5:55  Widow Mine  
  79  5:57  SCV  
  79  5:58  SCV  
  79  6:00  Barracks Reactor x2  
  79  6:04  Supply Depot  
  81  6:06  Marine, SCV  
  81  6:07  Marine x2  
  81  6:09  Marine, SCV  
  81  6:10  SCV  
  88  6:17  Supply Depot  
  88  6:18  SCV  
  88  6:20  Armory  
  88  6:21  SCV  
  88  6:22  SCV  
  88  6:24  Medivac  
  88  6:25  Medivac  
  95  6:29  Marauder  
  95  6:30  SCV  
  98  6:33  Refinery, SCV  
  98  6:35  Supply Depot, SCV  
  100  6:42  Supply Depot  
  100  6:45  Barracks x3  
  100  6:47  Widow Mine x2  
  100  6:48  Marine  
  100  6:49  Marine  
  101  7:08  Marine x8, Marauder  
  98  7:13  Medivac x2  
  98  7:15  Widow Mine x2  
  108  7:25  Marine  
  108  7:26  Marine x7  
  108  7:27  Terran Infantry Armor Level 2, Terran Infantry Weapons Level 2  
  108  7:29  Marauder  
  116  7:33  Barracks Tech Lab x2  
  116  7:34  Barracks Tech Lab  
  116  7:36  Supply Depot  
  116  7:37  Supply Depot  
  116  7:43  Marine  
  116  7:44  Marine  
  117  7:49  Marine x4, Widow Mine  
  124  7:55  Concussive Shells  
  124  7:57  Medivac  
  124  7:58  Marauder x3, Widow Mine  
  132  7:59  Supply Depot  
  132  8:00  Supply Depot  
  132  8:04  Marauder  
  136  8:06  Marine  
  136  8:09  Marine  
  136  8:10  Marine x3  
  141  8:15  Supply Depot  
  141  8:20  Marine x2  
  141  8:21  Marine, Marauder x3  
  141  8:24  Marine  
  141  8:25  Marine  
  152  8:27  Marine x2  
  152  8:28  Marine x2  
  156  8:36  Widow Mine  
  156  8:37  Medivac  
  156  8:38  Supply Depot x2, Marine x2  
  156  8:39  Supply Depot, Marine  
  163  8:42  Marine x2  
  165  8:50  Missile Turret  
  165  8:52  Factory  
  165  8:53  Missile Turret  
  165  8:55  Missile Turret  
  165  8:57  Marine  
  165  8:58  Marine x5, Marauder  
  165  9:00  Marauder x2  
  165  9:01  Supply Depot  
  150  9:03  Supply Depot  
  150  9:14  Marine  
  150  9:15  Marine x2, Hellion, Widow Mine  
  150  9:16  Marauder  
  151  9:33  Marine x10, Marauder  
  151  9:36  Widow Mine  
  151  9:37  Marine  
  160  9:43  Widow Mine  
  143  9:45  SCV  
  143  9:50  Marine  
  143  9:51  Marine  
  143  9:52  Marauder  
  130  9:53  Marine  
  125  10:01  Marine x6  
  125  10:02  Marine x2, Factory Tech Lab  
  125  10:05  Widow Mine  
  133  10:08  Marine  
  133  10:09  Marine  
  133  10:11  Marine, Medivac  
  133  10:12  Medivac  
  137  10:15  Widow Mine  
  137  10:20  Marauder  
  141  10:22  Terran Infantry Weapons Level 3  
  141  10:27  Terran Infantry Armor Level 3  
  133  10:47  Widow Mine  
  133  10:48  Medivac x2  
  129  10:51  Widow Mine  
  129  10:52  Marine  
  127  11:03  Marine  
  108  11:05  Marine  
  108  11:06  Marine x9  
  108  11:10  Marine, Thor  
  125  11:16  Widow Mine  
  125  11:18  Medivac x2  
  131  11:20  Widow Mine  
  131  11:21  Marine  
  131  11:22  Command Center  
  131  11:23  Marine  
  131  11:24  Marine x9  
  144  11:28  Marine  
  144  11:42  Marine x2, Marauder  
  144  11:43  Marauder x2  
  144  11:44  Widow Mine  
  154  11:48  Marine x5, Marauder  
  154  11:50  Marine  
  160  11:59  Thor  
  145  12:20  Orbital Command  
  123  12:24  Marauder  
  123  12:25  Marine  
  123  12:26  Marine x6  
  129  12:33  Marine, Marauder  
  129  12:35  Missile Turret  
  132  12:38  Marine x2  
  132  12:39  Missile Turret  
  132  12:40  Missile Turret  
  132  12:43  Marine  
  135  12:44  Widow Mine  
  135  12:45  Widow Mine  
  135  12:47  Widow Mine  
  135  12:50  Marine  
  116  13:06  Marine x9  
  116  13:07  Marine x3  
  116  13:09  Medivac  
  108  13:32  Marine x10  
  108  13:33  Marine x2  
  119  13:41  Widow Mine x3  
  125  13:50  Marine x8  
  125  13:51  Marauder  
  135  13:58  Marine, Marauder  
  135  13:59  Marine  
  139  14:07  Marine  
  139  14:08  Marine x7  
  139  14:09  Widow Mine x2  
  134  14:10  Widow Mine  
  134  14:12  Marauder  
  134  14:16  Marine x2  
  142  14:20  Marauder  
  132  14:34  Marauder  
  132  14:38  Widow Mine  
  128  14:39  Widow Mine x2  
  128  14:40  Medivac  
  128  14:41  Medivac, Marauder  
  128  14:42  Marauder x2  
  140  14:49  Marine  
  141  15:04  Marine x5, Marauder  
  141  15:06  Widow Mine  
  147  15:07  Widow Mine  
  147  15:10  Medivac  
  147  15:11  Medivac  
  148  15:24  Marine  
  148  15:25  Marine x10, Marauder  
  161  15:38  Widow Mine  
  161  15:40  Medivac  
  165  15:43  Marauder x2  
  165  15:56  Marine  
  146  16:01  Marine, Marauder  
  149  16:07  Medivac  
  149  16:10  Medivac  
  153  16:19  Marine  
  153  16:20  Marine x8  
  162  16:37  Medivac  
  164  16:42  Engineering Bay, Marine x3, Barracks  
  164  16:45  Marine  
  164  16:46  Marine x2  
  161  17:10  Medivac x2  
  155  17:21  Orbital Command  
  145  17:35  Missile Turret  
  145  17:37  Missile Turret  
  145  17:39  Medivac  
  147  17:47  Widow Mine x3  
  147  17:48  Marine, Marauder  
  147  17:49  Marine, Marauder x2  
  125  18:19  Planetary Fortress  
  121  18:23  Marine  
  121  18:24  Marine x5, Marauder  
  121  18:26  Marine  
  130  18:40  Marine  
  130  18:41  Marine x3, Widow Mine  
  104  18:53  Marine x3  
  97  19:07  Orbital Command  
  67  19:43  Marine  
  67  19:44  Marine  
  69  19:58  Missile Turret  
  69  20:10  Marine  
  69  20:11  Marine x2  
  72  20:22  SCV x2  
  72  20:24  SCV  
  69  20:58  Marine x5  
  69  20:59  Medivac  
  69  21:01  Marine  
  69  21:02  Marine  
  78  21:04  Marine  
  79  21:13  Marine x2  
Tags
 
Add a new tag
Caveats
  • Supply blocks, unpowered buildings, or Contaminate may cause inaccurate times.
  • Supply counts are checked every 10 seconds.